 Dungeon Crawl Stone Soup version 0.27-a0-1342-ga99462a43c (webtiles) character file.

Game seed: 13988364794216426314

161 Gargoyl the Skirmisher (level 5, -8/47 HPs)
             Began as a Gnoll Abyssal Knight on June 27, 2021.
             Was a Believer of Lugonu.
             Mangled by an ogre (23 damage)
             ... on level 4 of the Dungeon.
             The game lasted 00:03:42 (2933 turns).

Gargoyl the Skirmisher (Gnoll Abyssal Knight)       Turns: 2933, Time: 00:03:43

Health: -8/47      AC:  4    Str: 19    XL:     5   Next: 42%
Magic:  8/8        EV: 12    Int: 11    God:    Lugonu [**....]
Gold:   105        SH:  0    Dex: 11    Spells: 6/6 levels left

rFire    . . .     SeeInvis +   a - +1 hand axe (freeze)
rCold    . . .     Faith    .   (no shield)
rNeg     . . .     Spirit   .   b - +1 leather armour
rPois    .         Reflect  .   (no helmet)
rElec    .         Harm     .   (no cloak)
rCorr    .         Rampage  .   (no gloves)
Will     .....                  (no boots)
Stlth    +.........             h - amulet of regeneration
HPRegen  1.15/turn              c - +6 ring of strength
MPRegen  0.11/turn              p - ring of see invisible

@: no status effects
A: fangs 1, strong nose, distributed training
a: Renounce Religion, Depart the Abyss, Bend Space


You were on level 4 of the Dungeon.
You worshipped Lugonu.
Lugonu was pleased with you.
You visited 1 branch of the dungeon, and saw 4 of its levels.
You visited the Abyss 1 time.

You collected 105 gold pieces.

Inventory:

Hand Weapons
 a - a +1 hand axe of freezing (weapon)
Missiles
 f - 4 boomerangs (quivered)
Armour
 b - a +1 leather armour (worn)
Jewellery
 c - a +6 ring of strength (left hand)
 h - an amulet of regeneration (around neck)
 p - a ring of see invisible (right hand)
Scrolls
 d - a scroll of fear
 k - a scroll of identify
 o - a scroll of enchant armour
Potions
 e - a potion of magic {unknown}
 g - a potion of heal wounds
 i - 3 potions of curing {unknown}
 j - a potion of flight {unknown}
 l - a potion of berserk rage {unknown}
 m - a potion of haste {unknown}
 n - 2 potions of attraction {unknown}


   Skills:
 + Level 6.7 Fighting
 + Level 1.4 Short Blades
 + Level 1.4 Long Blades
 + Level 4.8 Axes
 + Level 1.4 Maces & Flails
 + Level 1.4 Polearms
 + Level 1.4 Staves
 + Level 1.4 Slings
 + Level 1.4 Bows
 + Level 1.4 Crossbows
 + Level 1.4 Throwing
 + Level 4.8 Armour
 + Level 3.0 Dodging
 + Level 1.4 Stealth
 + Level 1.4 Shields
 + Level 1.4 Unarmed Combat
 + Level 1.4 Spellcasting
 + Level 1.1 Conjurations
 + Level 1.1 Hexes
 + Level 1.1 Summonings
 + Level 1.1 Necromancy
 + Level 1.1 Translocations
 + Level 1.1 Transmutations
 + Level 1.1 Fire Magic
 + Level 1.1 Ice Magic
 + Level 1.1 Air Magic
 + Level 1.1 Earth Magic
 + Level 1.1 Poison Magic
 + Level 4.8 Invocations
 + Level 1.4 Evocations


You had 6 spell levels left.
You didn't know any spells.
Your spell library was empty.

Dungeon Overview and Level Annotations

Branches:
Dungeon (4/15)
 Temple: D:4-7

Altars:
Dithmenos
Elyvilon
Kikubaaqudgha
Uskayaw
Zin
The Shining One

Shops:
D:1 [


Innate Abilities, Weirdness & Mutations

You have very sharp teeth.
Your uncanny sense of smell can sniff out nearby items.
Your experience applies equally to all skills.


Message History

The orc is almost dead.
You barely miss the jackal. The jackal closely misses you.
The orc hits you with a +0 whip. The jackal closely misses you.
The jackal barely misses you.
You barely miss the orc. Your bite misses the orc.
The orc is almost dead.
You closely miss the jackal. x2
The jackal bites you but does no damage.
The jackal closely misses you. The orc barely misses you.
Unknown command.
You hit the orc. You freeze the orc.
You kill the orc!
Lugonu accepts your kill.
You hit the jackal. You freeze the jackal.
You kill the jackal!
Lugonu accepts your kill.
You hit the jackal. You freeze the jackal.
You kill the jackal!
Lugonu accepts your kill.
An ogre comes into view. It is wielding a +0 giant club.
The ogre shouts!
Things that are here:
a +0 whip; an orc corpse You hit the ogre.
You freeze the ogre.
The ogre is lightly wounded.
The ogre closely misses you.
You hit the ogre. You freeze the ogre.
The ogre is moderately wounded.
The ogre hits you with a +0 giant club!
You barely miss the ogre.
The ogre is moderately wounded.
The ogre closely misses you.
You completely miss the ogre.
The ogre is moderately wounded.
The ogre hits you with a +0 giant club!!
* * * LOW HITPOINT WARNING * * *
You hit the ogre. You freeze the ogre.
The ogre is moderately wounded.
The ogre hits you with a +0 giant club!!
You die...

#..#...# ..
#......#
#.####.#.#.# #
∆#....#.#†#.#.#
###..#.#.#.#.#.#
....#.#.#.....#
#..#.#.###<###
#.O#.#.#####
#>.@.......#
##.#.#.#...#
#.....#...#
###.#.....#
#.#.##..# #....
.# ###.## .. .#


You could see an ogre.

Vanquished Creatures
  7 adders
  3 dart slugs (D:1)
  4 orcs
  8 bats
  8 endoplasms
  4 giant cockroaches
  5 goblins
  3 hobgoblins
  11 jackals
  7 kobolds
  4 quokkas
  10 ball pythons
  5 frilled lizards
  3 rats
82 creatures vanquished.

Vanquished Creatures (others)
  A kobold (D:1)
1 creature vanquished.

Grand Total: 83 creatures vanquished

Notes
Turn   | Place    | Note
-------+----------+-------------------------------------------
     0 | Abyss:1  | Gargoyl the Gnoll Abyssal Knight began the quest for the
                  | Orb.
     0 | Abyss:1  | Reached XP level 1. HP: 23/23 MP: 3/3
     5 | Abyss:1  | Found a corrupted altar of Lugonu.
    47 | Abyss:1  | Found a corrupted altar of Lugonu.
    94 | Abyss:1  | Found a corrupted altar of Lugonu.
    95 | Abyss:1  | Noticed a thrashing horror
    96 | D:1      | Escaped the Abyss
   338 | D:1      | Reached XP level 2. HP: 14/29 MP: 5/5
   550 | D:1      | Reached * piety under Lugonu
   734 | D:1      | Reached XP level 3. HP: 29/35 MP: 6/6
   900 | D:1      | Found Qidy's Armour Emporium.
  1659 | D:2      | Reached skill level 1 in Short Blades
  1659 | D:2      | Reached skill level 1 in Long Blades
  1659 | D:2      | Reached skill level 1 in Maces & Flails
  1659 | D:2      | Reached skill level 1 in Polearms
  1659 | D:2      | Reached skill level 1 in Staves
  1659 | D:2      | Reached skill level 1 in Slings
  1659 | D:2      | Reached skill level 1 in Bows
  1659 | D:2      | Reached skill level 1 in Crossbows
  1659 | D:2      | Reached skill level 1 in Throwing
  1659 | D:2      | Reached skill level 1 in Stealth
  1659 | D:2      | Reached skill level 1 in Shields
  1659 | D:2      | Reached skill level 1 in Unarmed Combat
  1659 | D:2      | Reached skill level 1 in Spellcasting
  1659 | D:2      | Reached skill level 1 in Evocations
  1664 | D:2      | Reached XP level 4. HP: 29/41 MP: 7/7
  2015 | D:2      | Reached skill level 1 in Conjurations
  2015 | D:2      | Reached skill level 1 in Hexes
  2015 | D:2      | Reached skill level 1 in Summonings
  2015 | D:2      | Reached skill level 1 in Necromancy
  2015 | D:2      | Reached skill level 1 in Translocations
  2015 | D:2      | Reached skill level 1 in Transmutations
  2015 | D:2      | Reached skill level 1 in Fire Magic
  2015 | D:2      | Reached skill level 1 in Ice Magic
  2015 | D:2      | Reached skill level 1 in Air Magic
  2015 | D:2      | Reached skill level 1 in Earth Magic
  2015 | D:2      | Reached skill level 1 in Poison Magic
  2105 | D:2      | Found a faded altar of an unknown god.
  2114 | D:2      | Reached ** piety under Lugonu
  2340 | D:3      | Found a shadowy altar of Dithmenos.
  2413 | D:3      | Reached XP level 5. HP: 47/47 MP: 8/8
  2575 | D:3      | Found a glowing golden altar of the Shining One.
  2575 | D:3      | Found a glowing silver altar of Zin.
  2575 | D:3      | Found a white marble altar of Elyvilon.
  2650 | D:3      | Found an ancient bone altar of Kikubaaqudgha.
  2735 | D:3      | Found a hide-covered altar of Uskayaw.
  2927 | D:4      | Noticed an ogre
  2933 | D:4      | Mangled by an ogre

Illustrated notes

Levels and vault maps discovered:
D:1:      nzn_arrival_water_spiral, layout_basic, serial_shops,
          nicolae_square_shop, minmay_hexomino_p4
D:2:      layout_basic, ebering_ecumenical_altar_abandoned, minivault_25
D:3:      layout_rooms, good_gods_mini_temple, kiku_gazebo_garden_becter,
          nicolae_uskayaw_suspiria, grunt_dithmenos_smoke
D:4:      layout_basic, minmay_misc_feat_iff, nrook_loot_triangle

Skill      XL: |  1  2  3  4  5 |
---------------+----------------+-----
Short Blades   | 1 |  1.4
Long Blades    | 1 |  1.4
Maces & Flails | 1 |  1.4
Polearms       | 1 |  1.4
Staves         | 1 |  1.4
Slings         | 1 |  1.4
Bows           | 1 |  1.4
Crossbows      | 1 |  1.4
Throwing       | 1 |  1.4
Stealth        | 1 |  1.4
Shields        | 1 |  1.4
Unarmed Combat | 1 |  1.4
Spellcasting   | 1 |  1.4
Evocations     | 1 |  1.4
Conjurations   | 1 |  1.1
Hexes          | 1 |  1.1
Summonings     | 1 |  1.1
Necromancy     | 1 |  1.1
Translocations | 1 |  1.1
Transmutations | 1 |  1.1
Fire Magic     | 1 |  1.1
Ice Magic      | 1 |  1.1
Air Magic      | 1 |  1.1
Earth Magic    | 1 |  1.1
Poison Magic   | 1 |  1.1
Dodging        | 3 |  3.0
Fighting       | |  6.7
Axes           | |  4.8
Armour         | |  4.8
Invocations    | |  4.8

Action                   |  1- 3 |  4- 6 || total
-------------------------+-------+-------++-------
Melee: Hand axe          |    58 |   102 ||   160
       Bite              |     6 |     8 ||    14
       Punch             |       |     1 ||     1
Invok: Depart the Abyss  |     1 |       ||     1
  Use: Scroll            |     6 |     3 ||     9
 Stab: Sleeping          |     1 |       ||     1
Armor: Leather armour    |    15 |    49 ||    64
Dodge: Dodged            |    57 |    92 ||   149

Table legend: (Time is in decaauts)
 A = Elapsed time spent in this place.
 B = Non-inter-level travel time spent in this place.
 C = Inter-level travel time spent in this place.
 D = Time resting spent in this place.
 E = Time spent auto-exploring this place.
 F = Levels seen in this place.
 G = Mean time per level.
                   A        B        C        D        E       F      G
               +--------+--------+--------+--------+--------+-----+--------+
         Total |   2943 |   2854 |     89 |    113 |   2195 |   5 |  588.6 |
       Dungeon |   2848 |   2759 |     89 |    113 |   2101 |   4 |  712.0 |
         Abyss |     95 |     95 |      0 |      0 |     94 |   1 |   95.0 |
               +--------+--------+--------+--------+--------+-----+--------+

Top non-repeatable levels by time:
     D:1: 1451 daAuts
     D:2: 793 daAuts
     D:3: 577 daAuts
 Abyss:1: 95 daAuts
     D:4: 26 daAuts
